 Dungeon Crawl Stone Soup version 0.15-a0-2232-g756d4b8 (webtiles) character file.

23950 Ololoev the Thaumaturge (level 12, 0/69 HPs)
             Began as a Deep Elf Conjurer on July 25, 2014.
             Was a High Priest of Vehumet.
             Slain by Maud
             ... wielding a +4 demon trident
              (18 damage)
             ... on Level 4 of the Lair of Beasts.
             The game lasted 01:42:13 (15534 turns).

Ololoev the Thaumaturge (Deep Elf Conjurer)        Turns: 15534, Time: 01:42:14

HP   0/69        AC  8     Str  8      XL: 12   Next: 76%
MP   2/35        EV 19     Int 23      God: Vehumet [*****.]
Gold 693         SH  0     Dex 15      Spells: 10 memorised,  6 levels left

rFire  + . .     SeeInvis .     S - staff of fire
rCold  . . .     Clarity  .     B - +2 robe {MR+}
rNeg   + . .     rCorr    .     (no shield)
rPois  +         rRot     .     J - +2 hat {MR+}
rElec  .         Spirit   .     w - +0 cloak
SustAb .         Warding  .     q - +0 pair of gloves
rMut   .         Stasis   .     (no boots)
Gourm  .                        (no amulet)
MR     +++++                    R - ring "Cefueff" {rN+ MR++}
                                T - ring of poison resistance

@: hasted, very quick, almost entirely resistant to hostile enchantments,
unstealthy
A: no striking features
a: Renounce Religion


You were on level 4 of the Lair of Beasts.
You worshipped Vehumet.
Vehumet was extremely pleased with you.
You were not hungry.

You visited 3 branches of the dungeon, and saw 16 of its levels.
You also visited: Labyrinth.

You collected 693 gold pieces.

Inventory:

Armour
 q - a +0 pair of gloves (worn)
 w - a +0 cloak (worn)
 B - a +2 robe of magic resistance (worn)
 J - a +2 hat of magic resistance (worn)
Magical devices
 c - a wand of teleportation (0)
Comestibles
 b - 9 bread rations
 h - 9 meat rations
 C - 7 beef jerkies
 E - 2 chunks of iguana flesh
 P - 2 slices of pizza
Scrolls
 e - 3 scrolls of fog
 f - 2 scrolls of recharging
 g - 3 scrolls of amnesia
 o - a scroll of identify
 p - 3 scrolls of immolation
 u - 4 scrolls of teleportation
 x - 3 scrolls of magic mapping
 y - a scroll of holy word
 A - 2 scrolls of remove curse
 D - 2 scrolls of enchant weapon
Jewellery
 j - an uncursed ring of magical power
 n - a +4 ring of protection
 z - an uncursed ring of wizardry
 F - an uncursed ring of protection from magic
 G - an uncursed ring of teleport control
 M - an uncursed ring of fire
 R - the ring "Cefueff" (right hand) {rN+ MR++}
   (You found it in a labyrinth)

   [ring of positive energy]

   It protects you from negative energy.
   It affects your resistance to hostile enchantments.
 T - a ring of poison resistance (left hand)
 X - the amulet of Xawkew {Stasis rN+ MR+ SInv}
   (You found it in a labyrinth)

   [amulet of stasis]

   It prevents you from being teleported, slowed, hasted or paralysed.
   It protects you from negative energy.
   It affects your resistance to hostile enchantments.
   It enhances your eyesight.
Potions
 a - a potion of agility
 d - 2 potions of brilliance
 k - a potion of invisibility
 l - a potion of cancellation
 m - 2 potions of might
 r - a potion of haste
 Q - a potion of resistance
Books
 t - a book of Annihilations

   Spells                             Type                      Level
   Poison Arrow                       Conjuration/Poison           6
   Chain Lightning                    Conjuration/Air              8
   Lehudib's Crystal Spear            Conjuration/Earth            8
   Glaciate                           Conjuration/Ice              9
   Fire Storm                         Conjuration/Fire             9
 I - a Necronomicon {highlevel, unknown}

   This book is beyond your current level of understanding.

   Spells                             Type                      Level
   Haunt                              Necromancy/Summoning         7
   Borgnjor's Revivification          Necromancy                   8
   Death's Door                       Charms/Necromancy            8
   Necromutation                      Transmutation/Necromancy     8
Magical staves
 S - an uncursed staff of fire (weapon)


   Skills:
 * Level 5.9 Fighting
 - Level 11.0 Dodging
 - Level 2.4 Stealth
 - Level 12.6 Spellcasting
 + Level 10.2 Conjurations
 - Level 3.1 Hexes
 - Level 8.0 Charms
 + Level 12.5 Fire Magic


You had 6 spell levels left.
You knew the following spells:

 Your Spells              Type           Power        Failure   Level  Hunger
a - Magic Dart            Conj           ####         1%          1    None
b - Searing Ray           Conj           ######       1%          2    None
c - Iskenderun's Battles  Conj/Chrm      ######..     1%          5    ##.....
d - Inner Flame           Hex/Fire       ######..     1%          3    None
e - Fulminant Prism       Conj/Hex       #####.....   1%          4    None
f - Iskenderun's Mystic   Conj           ######..     1%          4    None
g - Fireball              Conj/Fire      #######...   1%          5    ##.....
h - Delayed Fireball      Conj/Fire      N/A          10%         7    ######.
i - Apportation           Tloc           ##........   4%          1    None
j - Flight                Chrm/Air       ####......   2%          3    None


Dungeon Overview and Level Annotations

Branches:
Dungeon (11/15)            Temple (1/1) D:4            Lair (4/8) D:9
  Swamp (0/5) Lair:3
    Orc: D:9-12      Shoals: Lair:3-6     Snake: Lair:3-6    Spider: Lair:3-6

Altars:
Ashenzari
Cheibriados
Dithmenos
Elyvilon
Fedhas
Gozag
Kikubaaqudgha
Makhleb
Nemelex Xobeh
Okawaru
Qazlal
Sif Muna
Trog
Vehumet
Xom
Yredelemnul
Zin
The Shining One

Shops:
D:5 %

Annotations:
D:11 Grum
Lair:4 Maud


Message History

Casting: Magic Dart
Confirm with . or Enter, or press ? or * to list all spells.
Aiming: Magic Dart
Press: ? - help, Shift-Dir - straight line, f/p - Maud
Aim: Maud, wielding a glowing demon trident, wearing a plate armour and carrying a wand of lightning {zapped: 6} (almost dead)
The magic dart hits Maud.
Maud is almost dead.
Your battlesphere fires!
The barrage of energy hits Maud.
Maud is almost dead.
Your battlesphere expends the last of its energy and dissipates.
Maud hits you from afar with a glowing demon trident!
* * * LOW HITPOINT WARNING * * *
Your magical contamination has completely faded away.
A quokka comes into view.
Maud screams, "You can't face my power!"
Drink which item? (? for menu, Esc to quit)
You feel yourself speed up.
Maud hits you from afar with a glowing demon trident!!
You die...

..................!..............
.....##.#.....###...P............
.....#%.##..#####....#...........
......%.#....P.##...#.(..........
∩...................#............
....###......#...r...............
....# #.#...#....................
...## ###....................)...
##..# ##......@................
##### #P...##......P...........
##.....P..@.....##....###
##...........##.###....##
#............#####.......
#P.............#..#......
##...###P.#..............
#....#####P.#...#.......
##...#####PP.#.###....##


You could see Maud and a quokka.

Vanquished Creatures
  Gastronok (D:8)
  A minotaur (Lab)
  Harold (Lair:3)
  A hydra (Lair:3)
  Erica (Lair:4)
  Erolcha (D:8)
  A hill giant (D:10)
  6 elephants (Lair:2)
  2 black mambas
  A gargoyle (Lab)
  A spiny frog (Lair:3)
  4 komodo dragons
  A fire drake (Lair:2)
  Prince Ribbit (D:8)
  14 blink frogs
  2 basilisks (Lair:1)
  A two-headed ogre (D:8)
  A deep elf mage (D:11)
  4 hippogriffs
  9 yaks
  A wyvern (D:10)
  A hungry ghost (D:9)
  3 wolves (D:11)
  6 water moccasins
  4 porcupines
  3 black bears
  2 ice beasts
  4 orc warriors
  2 phantoms
  7 ogres
  2 sky beasts (D:6)
  6 centaurs
  Sigmund (D:5)
  Duvessa (D:7)
  5 crocodiles
  6 giant frogs
  8 big kobolds (D:8)
  Blork the orc (D:6)
  An earth elemental (Lab)
  3 scorpions
  11 wights
  3 killer bees (D:10)
  A troll skeleton (D:10)
  4 crimson imps
  A yak skeleton (D:8)
  4 goliath beetles
  7 hounds
  Dowan (D:7)
  A soldier ant zombie (D:10)
  2 centaur skeletons
  A gnoll shaman (D:4)
  Crazy Yiuf (D:5)
  4 jellies
  7 orc priests
  5 worker ants
  11 orc wizards
  Natasha (twice) (D:5)
  7 iguanas
  Ijyb (D:6)
  A worker ant zombie (D:7)
  10 gnolls
  21 adders
  77 green rats
  2 giant mites
  A shadow imp (D:5)
  2 worms
  An adder zombie (D:7)
  7 giant geckos
  An ooze (D:1)
  37 orcs
  A bat skeleton (D:4)
  A bat zombie (D:7)
  4 giant cockroaches
  12 hobgoblins
  10 jackals
  24 kobolds
  8 quokkas
  A ball python (D:1)
  18 bats
  13 giant newts
  A giant spore (D:10)
  2 gnoll zombies (D:6)
  10 goblins
  A hobgoblin zombie (D:6)
  A kobold skeleton (D:4)
  2 kobold zombies
  2 orc skeletons
  36 rats
  2 ballistomycetes (D:10)
  A fungus (D:5)
  A plant (Lair:3)
506 creatures vanquished.

Vanquished Creatures (others)
  28 fulminant prisms
  A giant gecko (D:11)
  A fungus (Lair:3)
30 creatures vanquished.

Grand Total: 536 creatures vanquished

Notes
Turn   | Place    | Note
--------------------------------------------------------------
     0 | D:1      | Ololoev, the Deep Elf Conjurer, began the quest for the Orb.
     0 | D:1      | Reached XP level 1. HP: 10/10 MP: 5/5
   203 | D:1      | Reached XP level 2. HP: 15/15 MP: 3/8
   727 | D:2      | Learned a level 2 spell: Searing Ray
   887 | D:2      | Reached skill level 5 in Conjurations
   897 | D:2      | Reached XP level 3. HP: 19/19 MP: 6/11
  1320 | D:2      | Reached XP level 4. HP: 24/24 MP: 11/15
  1665 | D:3      | Found a snail-covered altar of Cheibriados.
  1907 | D:3      | Reached skill level 6 in Conjurations
  1911 | D:3      | Reached XP level 5. HP: 21/28 MP: 7/18
  1918 | D:3      | Learned a level 5 spell: Iskenderun's Battlesphere
  2026 | D:3      | Reached skill level 1 in Charms
  2622 | D:3      | Found a glowing silver altar of Zin.
  2625 | D:3      | Found an ancient bone altar of Kikubaaqudgha.
  2628 | D:3      | Found a white marble altar of Elyvilon.
  2904 | D:4      | Found a staircase to the Ecumenical Temple.
  2913 | Temple   | Entered the Ecumenical Temple
  3083 | Temple   | Became a worshipper of Vehumet
  3180 | D:4      | Learned a level 1 spell: Magic Dart
  3248 | D:4      | Found a stormy altar of Qazlal.
  3307 | D:4      | Reached XP level 6. HP: 32/32 MP: 7/20
  3310 | D:4      | Reached skill level 5 in Charms
  3611 | D:4      | Noticed a phantom
  3615 | D:4      | Killed a phantom
  3615 | D:4      | Reached skill level 7 in Charms
  3666 | D:4      | Acquired Vehumet's first power
  3666 | D:4      | Offered knowledge of Shock by Vehumet.
  3689 | D:4      | Reached XP level 7. HP: 23/36 MP: 8/22
  3695 | D:4      | Reached skill level 8 in Charms
  4033 | D:5      | Entered Level 5 of the Dungeon
  4051 | D:5      | Noticed Sigmund
  4069 | D:5      | Killed Sigmund
  4069 | D:5      | Reached skill level 5 in Spellcasting
  4253 | D:5      | Noticed Natasha
  4254 | D:5      | Killed Natasha
  4336 | D:5      | Found an opulent altar of Gozag.
  4471 | D:5      | Found Thryaqoerch's Food Shop.
  4656 | D:5      | Offered knowledge of Throw Frost by Vehumet.
  4735 | D:5      | Noticed Crazy Yiuf
  4740 | D:5      | Killed Crazy Yiuf
  4788 | D:5      | Noticed Natasha
  4789 | D:5      | Killed Natasha
  4803 | D:5      | Reached XP level 8. HP: 28/41 MP: 16/25
  5173 | D:6      | Reached skill level 9 in Conjurations
  5233 | D:6      | Noticed Blork the orc
  5250 | D:6      | Killed Blork the orc
  5494 | D:6      | Offered knowledge of Inner Flame by Vehumet.
  5499 | D:6      | Learned a level 3 spell: Inner Flame
  5555 | D:6      | Reached skill level 10 in Conjurations
  5641 | D:6      | Reached skill level 1 in Hexes
  5656 | D:6      | Noticed Ijyb
  5664 | D:6      | Killed Ijyb
  5666 | D:6      | Reached skill level 1 in Fire Magic
  5666 | D:6      | Reached XP level 9. HP: 45/45 MP: 16/28
  6077 | D:6      | Found a basalt altar of Yredelemnul.
  6131 | D:7      | Noticed Duvessa
  6132 | D:7      | Noticed Dowan
  6161 | D:7      | Acquired Vehumet's second power
  6387 | D:7      | Learned a level 4 spell: Fulminant Prism
  6506 | D:7      | Killed Dowan
  6516 | D:7      | Reached skill level 5 in Fire Magic
  6744 | D:7      | Offered knowledge of Airstrike by Vehumet.
  7146 | D:7      | Killed Duvessa
  7267 | D:8      | Noticed Prince Ribbit
  7270 | D:8      | Killed Prince Ribbit
  7341 | D:8      | Found a shadowy altar of Dithmenos.
  7492 | D:8      | Learned a level 4 spell: Iskenderun's Mystic Blast
  7560 | D:8      | Noticed Gastronok
  7574 | D:8      | Killed Gastronok
  7574 | D:8      | Acquired Vehumet's third power
  7574 | D:8      | Reached skill level 10 in Fire Magic
  7574 | D:8      | Reached XP level 10. HP: 50/50 MP: 6/29
  7724 | D:8      | Noticed Erolcha
  7731 | D:8      | Killed Erolcha
  7738 | D:8      | Found a blossoming altar of Fedhas.
  7753 | D:8      | Reached skill level 11 in Fire Magic
  8206 | D:8      | Offered knowledge of Olgreb's Toxic Radiance by Vehumet.
  8411 | D:9      | Found a radiant altar of Vehumet.
  8537 | D:9      | Reached skill level 12 in Fire Magic
  8842 | D:9      | Found a shattered altar of Ashenzari.
  8863 | D:9      | Found a staircase to the Lair.
  9316 | D:10     | Entered Level 10 of the Dungeon
 10033 | D:10     | Noticed a hill giant
 10040 | D:10     | Killed a hill giant
 10040 | D:10     | Reached XP level 11. HP: 54/54 MP: 31/32
 10658 | D:11     | Offered knowledge of Lightning Bolt by Vehumet.
 10696 | D:11     | Noticed Grum
 10697 | D:11     | Noticed an eight-headed hydra
 10697 | D:11     | Noticed a hill giant
 10698 | D:11     | Noticed a hill giant
 10712 | D:11     | Reached skill level 5 in Dodging
 10740 | D:11     | Noticed a ghost crab
 10751 | D:11     | Noticed a giant orange brain
 10751 | D:11     | a ghost crab changed into a giant orange brain
 10901 | Lair:1   | Entered Level 1 of the Lair of Beasts
 10954 | Lair:1   | Reached skill level 10 in Spellcasting
 10957 | Lair:1   | Reached skill level 1 in Fighting
 11207 | Lair:1   | Learned a level 5 spell: Fireball
 12132 | Lair:2   | Got an encrusted leather armour
 12144 | Lair:2   | Identified the cursed -1 leather armour of Salvation {Dex+2} (You found it on level 2 of the Lair of Beasts)
 12238 | Lair:2   | Offered knowledge of Delayed Fireball by Vehumet.
 12247 | Lair:2   | Learned a level 7 spell: Delayed Fireball
 12670 | Lair:2   | Reached XP level 12. HP: 64/64 MP: 14/34
 13004 | Lair:3   | Reached skill level 10 in Dodging
 13283 | Lair:3   | Found a staircase to the Swamp.
 13320 | Lair:3   | Got a smoking chain mail
 13332 | Lair:3   | Identified the cursed -4 chain mail of Submission {Str+3 Dex+1} (You found it on level 3 of the Lair of Beasts)
 13387 | Lair:3   | Noticed a seven-headed hydra
 13393 | Lair:3   | Killed a seven-headed hydra
 13976 | Lair:3   | Noticed Harold
 13982 | Lair:3   | Killed Harold
 14154 | Lair:4   | Found a labyrinth entrance.
 14184 | Lair:4   | Reached skill level 5 in Fighting
 14270 | Lab      | Entered a labyrinth
 14569 | Lab      | Noticed a minotaur
 14747 | Lab      | Killed a minotaur
 14754 | Lab      | Got a distressingly furry gold dragon armour
 14771 | Lab      | Identified the cursed -4 gold dragon armour of an ossuary {rPois rF+ rC+ Dex-3 Int+5} (You took it off a minotaur in a labyrinth)
 14922 | Lab      | Got a sparkling jade ring
 14922 | Lab      | Got a faintly glowing steel amulet
 14937 | Lair:4   | Learned a level 1 spell: Apportation
 14942 | Lair:4   | Learned a level 3 spell: Flight
 14989 | Lair:4   | Noticed Erica
 15016 | Lair:4   | Killed Erica
 15312 | Lair:4   | Identified the ring "Cefueff" {rN+ MR++} (You found it in a labyrinth)
 15322 | Lair:4   | Identified the amulet of Xawkew {Stasis rN+ MR+ SInv} (You found it in a labyrinth)
 15433 | Lair:4   | Noticed Maud
 15534 | Lair:4   | Slain by Maud

Action                   |  1- 3 |  4- 6 |  7- 9 | 10-12 || total
-------------------------+-------+-------+-------+-------++-------
Melee: Dagger            |     2 |    10 |       |       ||    12
       Hand axe          |       |     2 |    15 |       ||    17
       Battleaxe         |       |       |    36 |    91 ||   127
 Cast: Magic Dart        |    50 |    44 |   107 |   216 ||   417
       Searing Ray       |     7 |    35 |    48 |    70 ||   160
       Iskenderun's Batt |       |     2 |    19 |    77 ||    98
       Iskenderun's Myst |       |       |     7 |    38 ||    45
       Fulminant Prism   |       |       |     1 |    27 ||    28
       Inner Flame       |       |       |       |    12 ||    12
       Fireball          |       |       |       |    15 ||    15
       Delayed Fireball  |       |       |       |     1 ||     1
 Abil: Release Delayed F |       |       |       |     1 ||     1
Evoke: Wand              |       |     1 |     3 |     6 ||    10
  Use: Scroll            |       |    15 |    10 |    18 ||    43
       Potion            |       |       |       |     8 ||     8
 Stab: Sleeping          |       |     1 |     4 |       ||     5
  Eat: Chunk             |     1 |     6 |    14 |    32 ||    53
       Beef jerky        |       |     1 |       |       ||     1
       Fruit             |       |       |     2 |     3 ||     5
       Royal jelly       |       |       |       |     1 ||     1
